Blues vs Avalanche
(R3)
Created - May 28, 2019 at 19:55
Goals
|
| Blues |
1 |
1 |
2 |
4 |
| Avalanche |
3 |
2 |
3 |
8 |
|
Shots
|
| Blues |
13 |
7 |
3 |
23 |
| Avalanche |
12 |
7 |
10 |
29 |
|
1st period
1. Avalanche , Mikkel Boedker 9 (Patric Hornqvist 7, Dan Boyle 2) at 7:27
2. Blues , Jordan Eberle 6 (Alex Pietrangelo 14, Sam Gagner 7) at 10:45
3. Avalanche , Mikkel Boedker 10 (Bryan Little 10) at 12:42
4. Avalanche , Bryan Little 4 (Paul Stastny 8) at 14:21
Penalties :
Yann Sauvé (STL) for Hooking (Minor) at 8:37, David Perron (STL) for High sticking (Minor) at 11:35, Paul Stastny (Col) for Hooking (Minor) at 12:08, Patric Hornqvist (Col) for Roughing (Minor) at 14:45, Paul Stastny (Col) for Slashing (Minor) at 18:31
2nd period
5. Blues , Alex Pietrangelo 3 (Nicklas Backstrom 12, Jake Gardiner 7) at 0:16 (PP)
6. Avalanche , Jack Johnson 4 (Mikkel Boedker 7, Bryan Little 11) at 12:23 (PP)
7. Avalanche , Damien Brunner 4 (Maxim Talbot 2, Andrew Ladd 3) at 13:52
Penalties :
Sergei Shirokov (STL) for Hooking (Minor) at 1:09, Dan Boyle (Col) for Hooking (Minor) at 3:34, Alex Pietrangelo (STL) for Holding (Minor) at 12:11, Dan Boyle (Col) for Slashing (Minor) at 16:17, Paul Stastny (Col) for Interference (Minor) at 18:38
3rd period
8. Avalanche , Mikkel Boedker 11 (Bryan Little 12, Johnny Boychuk 2) at 4:34
9. Blues , Nicklas Backstrom 5 (Alex Pietrangelo 15, David Perron 4) at 8:24 (PP)
10. Avalanche , Bryan Little 5 (Mikkel Boedker 8) at 10:46 (PP)
11. Blues , Jordan Eberle 7 (Nicklas Backstrom 13, Nick Leddy 4) at 15:00 (PP)
12. Avalanche , Paul Stastny 3 (Alexander Radulov 4, Jack Johnson 8) at 16:09 (PP)
Penalties :
Jamie Benn (STL) for High sticking (Minor) at 4:37, Mikkel Boedker (Col) for Hooking (Minor) at 8:15, Jordan Eberle (STL) for Slashing (Minor) at 10:28, Maxim Talbot (Col) for Hooking (Minor) at 14:17, Jordan Eberle (STL) for Roughing (Minor) at 15:29, Jake Gardiner (STL) for Cross-checking (Minor) at 18:18
Goalie Stats
Carey Price (STL), 13 saves from 17 shots - (0.765), 32:23 minutes
Ray Emery (STL), 8 saves from 12 shots - (0.667), L, 2-2-0, 27:37 minutes
Semyon Varlamov (Col), 19 saves from 23 shots - (0.826), W, 8-3-0, 60:00 minutes
Players Stats for Blues
Player Name G A P +/- PIM S H SB GA TA FO MP PP MP PK MP
------------------------------------------------------------------------------------
Alex Pietrangelo 1 2 3 0 2 4 2 5 3 2 0/0 28:51 6:13 5:55
Brandon Yip 0 0 0 -2 0 0 0 0 0 0 0/1 7:58 0:51 0:00
Bryce Lampman 0 0 0 -4 0 1 1 1 1 0 0/0 25:33 4:55 6:07
Cody Ceci 0 0 0 0 0 0 1 0 0 1 0/0 10:46 0:00 1:28
David Perron 0 1 1 0 2 4 1 0 1 0 1/2 17:35 6:02 0:26
Filip Forsberg 0 0 0 -1 0 0 2 0 0 0 0/0 10:17 4:13 0:00
Jake Gardiner 0 1 1 -1 2 2 0 1 0 0 0/0 25:38 6:11 2:52
Jamie Benn 0 0 0 -1 2 0 4 0 0 0 1/3 15:05 0:00 1:22
Jordan Eberle 2 0 2 0 4 5 3 0 1 0 2/4 24:34 6:33 4:25
Maxim Lapierre 0 0 0 -2 0 1 1 0 0 0 3/3 9:14 0:00 2:10
Nick Leddy 0 1 1 -1 0 0 2 0 0 0 0/0 14:37 4:53 0:00
Nicklas Backstrom 1 2 3 -2 0 3 0 0 0 0 21/37 21:40 6:45 0:00
Patrick Kaleta 0 0 0 -1 0 0 1 0 0 0 0/0 9:38 0:08 3:28
Sam Gagner 0 1 1 -2 0 1 0 0 0 0 2/2 13:07 4:15 1:22
Sergei Shirokov 0 0 0 0 2 1 0 0 0 0 0/0 15:40 4:13 0:00
Ted Purcell 0 0 0 -2 0 1 0 0 0 0 0/0 6:54 0:00 0:00
Travis Zajac 0 0 0 1 0 0 1 1 1 0 9/17 17:17 0:18 5:29
Yann Sauvé 0 0 0 -1 2 0 0 1 0 0 0/0 14:41 0:00 2:20
Players Stats for Avalanche
Player Name G A P +/- PIM S H SB GA TA FO MP PP MP PK MP
------------------------------------------------------------------------------------
Alexander Radulov 0 1 1 0 0 0 0 0 0 0 1/1 13:54 3:42 0:00
Andrei Kostitsyn 0 0 0 0 0 3 1 1 0 0 0/0 15:11 3:42 1:17
Andrew Ladd 0 1 1 0 0 1 2 0 0 1 7/13 16:27 0:05 6:29
Bryan Little 2 3 5 4 0 6 1 0 1 1 14/33 22:39 5:34 3:13
Chuck Kobasew 0 0 0 0 0 0 1 0 0 0 0/0 12:49 0:05 6:33
Damien Brunner 1 0 1 0 0 2 1 1 0 0 0/1 11:00 0:00 1:42
Dan Boyle 0 1 1 3 4 1 2 0 0 0 0/0 14:15 3:09 0:00
Erik Karlsson 0 0 0 -1 0 1 3 0 1 0 0/0 18:59 6:12 0:00
Jack Johnson 1 1 2 0 0 4 1 0 0 2 0/0 23:19 6:12 4:24
Johnny Boychuk 0 1 1 4 0 0 0 2 0 0 0/0 15:36 0:00 4:24
Kyle Turris 0 0 0 0 0 2 0 0 0 0 0/2 5:36 0:00 0:00
Marc Staal 0 0 0 1 0 1 1 0 1 0 0/0 25:25 3:09 6:42
Maxim Talbot 0 1 1 0 2 0 0 0 0 0 3/8 12:17 0:00 2:56
Mikkel Boedker 3 2 5 4 2 5 3 1 0 0 3/4 19:23 5:34 0:02
Patric Hornqvist 0 1 1 3 2 2 3 0 0 0 0/1 18:08 5:34 0:00
Paul Stastny 1 1 2 0 6 1 1 0 0 0 2/6 13:59 3:41 0:00
Pernell Karl Subban 0 0 0 1 0 0 1 0 0 3 0/0 22:28 0:00 6:42
Ville Leino 0 0 0 0 0 0 1 0 0 0 0/0 5:55 0:05 0:00
3 Stars
1 - Mikkel Boedker (Col)
2 - Bryan Little (Col)
3 - Jack Johnson (Col)
Power Play
Blues - 3 on 8 Attempt(s) - 37.50%
Avalanche - 3 on 8 Attempt(s) - 37.50%
Penalty Kill
Blues - 5 on 8 Attempt(s) - 62.50%
- Score 0 goal in Penalty Kill
Avalanche - 5 on 8 Attempt(s) - 62.50%
- Score 0 goal in Penalty Kill
Team Stat
Blues - Hits : 19 - Faceoff Wins : 39 - Blocked Shots : 9 - Penalty Minutes : 16
Avalanche - Hits : 22 - Faceoff Wins : 30 - Blocked Shots : 5 - Penalty Minutes : 16
Official
Referees : Unknown
Linesman : Unknown
Game Notes
Ray Emery enters game at 12:23 of 2nd period
Mikkel Boedker has scored a Hat Trick!
Finance
Level 1 -- Attendance: 6000 (100.00%) -- Ticket Income $534,000
Level 2 -- Attendance: 5000 (100.00%) -- Ticket Income $275,000
Level 3 -- Attendance: 2000 (100.00%) -- Ticket Income $66,000
Level 4 -- Attendance: 4000 (100.00%) -- Ticket Income $92,000
Luxury Box -- Attendance: 1000 (100.00%) -- Ticket Income $172,000
Game was played at the Pepsi Center.
Total Attendance: 18000 (100.00%)
Total Ticket Income: $1,139,000
Other Income: $170,850
Total Income: $1,309,850
Blues
5 vs 5 Forward
Center Left Wing Right Wing Time % Phy DF OF
1 Nicklas Backstrom Jamie Benn Jordan Eberle 40 1 2 2
2 Travis Zajac David Perron Sergei Shirokov 30 1 2 2
3 Sam Gagner Filip Forsberg Patrick Kaleta 20 1 2 2
4 Maxim Lapierre Ted Purcell Brandon Yip 10 1 2 2
5 vs 5 Defense
Defense Defense Time % Phy DF OF
1 Alex Pietrangelo Jake Gardiner 40 1 2 2
2 Bryce Lampman Yann Sauvé 30 1 2 2
3 Nick Leddy Cody Ceci 20 1 2 2
4 Jake Gardiner Bryce Lampman 10 1 2 2
PowerPlay Forward
Center Left Wing Right Wing Time % Phy DF OF
1 Nicklas Backstrom David Perron Jordan Eberle 60 1 2 2
2 Sam Gagner Filip Forsberg Sergei Shirokov 40 1 2 2
PowerPlay Defense
Defense Defense Time % Phy DF OF
1 Alex Pietrangelo Jake Gardiner 60 1 2 2
2 Nick Leddy Bryce Lampman 40 1 2 2
Penalty Kill 4 Players Forward
Center Wing Time % Phy DF OF
1 Travis Zajac Jordan Eberle 60 1 2 2
2 Maxim Lapierre Patrick Kaleta 40 1 2 2
Penalty Kill 4 Players Defense
Defense Defense Time % Phy DF OF
1 Alex Pietrangelo Bryce Lampman 60 1 2 2
2 Jake Gardiner Yann Sauvé 40 1 2 2
Penalty Kill - 3 Players Forward
Forward Time % Phy DF OF
1 Maxim Lapierre 60 1 2 2
2 Travis Zajac 40 1 2 2
Penalty Kill - 3 Players Defense
Defense Defense Time % Phy DF OF
1 Alex Pietrangelo Bryce Lampman 60 1 2 2
2 Jake Gardiner Yann Sauvé 40 1 2 2
4 vs 4 Forward
Center Wing Time % Phy DF OF
1 Nicklas Backstrom David Perron 60 1 2 2
2 Travis Zajac Jordan Eberle 40 1 2 2
4 vs 4 Defense
Defense Defense Time % Phy DF OF
1 Alex Pietrangelo Bryce Lampman 60 1 2 2
2 Jake Gardiner Yann Sauvé 40 1 2 2
Last Minutes Offensive
Center Left Wing Right Wing Defense Defense
Nicklas Backstrom David Perron Jordan Eberle Alex Pietrangelo Jake Gardiner
Last Minutes Defensive
Center Left Wing Right Wing Defense Defense
Travis Zajac Ted Purcell Jordan Eberle Yann Sauvé Bryce Lampman
Goaltenders
Starting : Carey Price
Backup : Ray Emery
Extra Forwards
Normal : Sam Gagner, Brandon Yip, Patrick Kaleta - PP : Travis Zajac, Brandon Yip - PK : Patrick Kaleta
Extra Defensemen
Normal : Nick Leddy, Cody Ceci, Jake Gardiner - PP : Nick Leddy - PK : Cody Ceci, Jake Gardiner
Penalty Shots
David Perron, Ted Purcell, Jordan Eberle, Nicklas Backstrom, Jamie Benn
Scratches
Matthew Spiller (Healthy)
Avalanche
5 vs 5 Forward
Center Left Wing Right Wing Time % Phy DF OF
1 Bryan Little Mikkel Boedker Patric Hornqvist 35 1 2 2
2 Paul Stastny Andrei Kostitsyn Alexander Radulov 30 1 2 2
3 Maxim Talbot Andrew Ladd Damien Brunner 25 1 2 2
4 Kyle Turris Ville Leino Chuck Kobasew 10 1 2 2
5 vs 5 Defense
Defense Defense Time % Phy DF OF
1 Erik Karlsson Jack Johnson 35 1 2 2
2 Marc Staal Pernell Karl Subban 35 1 2 2
3 Johnny Boychuk Dan Boyle 30 1 2 2
4 Marc Staal Pernell Karl Subban 0 1 2 2
PowerPlay Forward
Center Left Wing Right Wing Time % Phy DF OF
1 Bryan Little Mikkel Boedker Patric Hornqvist 60 1 2 2
2 Paul Stastny Andrei Kostitsyn Alexander Radulov 40 1 2 2
PowerPlay Defense
Defense Defense Time % Phy DF OF
1 Erik Karlsson Jack Johnson 60 1 2 2
2 Dan Boyle Marc Staal 40 1 2 2
Penalty Kill 4 Players Forward
Center Wing Time % Phy DF OF
1 Andrew Ladd Chuck Kobasew 60 1 2 2
2 Bryan Little Maxim Talbot 40 1 2 2
Penalty Kill 4 Players Defense
Defense Defense Time % Phy DF OF
1 Pernell Karl Subban Marc Staal 60 1 2 2
2 Jack Johnson Johnny Boychuk 40 1 2 2
Penalty Kill - 3 Players Forward
Forward Time % Phy DF OF
1 Chuck Kobasew 60 1 2 2
2 Andrew Ladd 40 1 2 2
Penalty Kill - 3 Players Defense
Defense Defense Time % Phy DF OF
1 Marc Staal Pernell Karl Subban 60 1 2 2
2 Jack Johnson Johnny Boychuk 40 1 2 2
4 vs 4 Forward
Center Wing Time % Phy DF OF
1 Bryan Little Mikkel Boedker 60 1 2 2
2 Paul Stastny Andrei Kostitsyn 40 1 2 2
4 vs 4 Defense
Defense Defense Time % Phy DF OF
1 Marc Staal Pernell Karl Subban 60 1 2 2
2 Jack Johnson Erik Karlsson 40 1 2 2
Last Minutes Offensive
Center Left Wing Right Wing Defense Defense
Bryan Little Mikkel Boedker Alexander Radulov Erik Karlsson Jack Johnson
Last Minutes Defensive
Center Left Wing Right Wing Defense Defense
Bryan Little Andrew Ladd Chuck Kobasew Marc Staal Jack Johnson
Goaltenders
Starting : Semyon Varlamov
Backup : Roberto Luongo
Extra Forwards
Normal : Andrew Ladd, Alexander Radulov, Andrei Kostitsyn - PP : Andrew Ladd, Alexander Radulov - PK : Damien Brunner
Extra Defensemen
Normal : Marc Staal, Erik Karlsson, Pernell Karl Subban - PP : Pernell Karl Subban - PK : Jack Johnson, Pernell Karl Subban
Penalty Shots
Mikkel Boedker, Andrew Ladd, Paul Stastny, Bryan Little, Andrei Kostitsyn
Scratches
Mattias Ekholm (Healthy)
% Time on Ice - Blues
Lines # - Real PCT - Wanted PCT - Time Play
Normal Forward
1 - 37% - 40% - 14:06
2 - 30% - 30% - 11:28
3 - 15% - 20% - 5:39
4 - 18% - 10% - 6:54
Normal Defense
1 - 40% - 40% - 15:18
2 - 34% - 30% - 13:09
3 - 21% - 20% - 7:58
4 - 4% - 10% - 1:42
PP Forward
1 - 62% - 60% - 6:53
2 - 38% - 40% - 4:13
PP Defense
1 - 56% - 60% - 6:13
2 - 44% - 40% - 4:53
PK Forward
1 - 77% - 60% - 7:11
2 - 23% - 40% - 2:10
PK Defense
1 - 65% - 60% - 6:07
2 - 35% - 40% - 3:14
PK3 Forward
1 - 0% - 60%
2 - 0% - 40%
PK3 Defense
1 - 0% - 60%
2 - 0% - 40%
44 Forward
1 - 100% - 60% - 1:26
2 - 0% - 40% - 0:00
44 Defense
1 - 100% - 60% - 1:26
2 - 0% - 40% - 0:00
Last Minute Offensive - 0:00
Last Minute Defensive - 0:00
Total
Forward - 60:00
Defense - 60:00
|
% Time on Ice - Avalanche
Lines # - Real PCT - Wanted PCT - Time Play
Normal Forward
1 - 34% - 35% - 12:57
2 - 27% - 30% - 10:16
3 - 24% - 25% - 9:18
4 - 15% - 10% - 5:36
Normal Defense
1 - 36% - 35% - 13:43
2 - 34% - 35% - 13:07
3 - 29% - 30% - 10:57
4 - 1% - 0% - 0:20
PP Forward
1 - 60% - 60% - 5:39
2 - 40% - 40% - 3:42
PP Defense
1 - 66% - 60% - 6:12
2 - 34% - 40% - 3:09
PK Forward
1 - 71% - 60% - 7:55
2 - 29% - 40% - 3:11
PK Defense
1 - 60% - 60% - 6:42
2 - 40% - 40% - 4:24
PK3 Forward
1 - 0% - 60%
2 - 0% - 40%
PK3 Defense
1 - 0% - 60%
2 - 0% - 40%
44 Forward
1 - 100% - 60% - 1:26
2 - 0% - 40% - 0:00
44 Defense
1 - 100% - 60% - 1:26
2 - 0% - 40% - 0:00
Last Minute Offensive - 0:00
Last Minute Defensive - 0:00
Total
Forward - 60:00
Defense - 60:00
|
Play-by-Play
1st period
0:01 of 1st period - Nicklas Backstrom wins face-off versus Bryan Little in neutral zone.
0:25 of 1st period - Icing by Alex Pietrangelo.
0:26 of 1st period - Alexander Radulov wins face-off versus Travis Zajac in Blues zone.
0:29 of 1st period - Snap shot by Andrei Kostitsyn.
0:29 of 1st period - Stopped by Carey Price without a rebound.
0:30 of 1st period - David Perron wins face-off versus Paul Stastny in Blues zone.
0:47 of 1st period - Wrist shot by Andrei Kostitsyn.
0:47 of 1st period - Stopped by Carey Price without a rebound.
0:48 of 1st period - Sam Gagner wins face-off versus Maxim Talbot in Blues zone.
0:53 of 1st period - Andrew Ladd is hit by Nick Leddy.
1:22 of 1st period - Wrist shot by Kyle Turris.
1:22 of 1st period - Stopped by Carey Price with a rebound.
2:06 of 1st period - Snap shot by Ted Purcell.
2:06 of 1st period - Shot Misses the Net.
2:08 of 1st period - Wrist shot by Maxim Lapierre.
2:08 of 1st period - Shot Misses the Net.
2:41 of 1st period - Snap shot by Ted Purcell.
2:41 of 1st period - Stopped by Semyon Varlamov without a rebound.
2:42 of 1st period - Bryan Little wins face-off versus Jordan Eberle in Avalanche zone.
2:58 of 1st period - Snap shot by Nicklas Backstrom.
2:58 of 1st period - Shot Misses the Net.
3:08 of 1st period - Alex Pietrangelo is hit by Andrew Ladd and loses puck.
3:33 of 1st period - Snap shot by Patrick Kaleta.
3:33 of 1st period - Shot Blocked by Johnny Boychuk.
3:37 of 1st period - Snap shot by Alex Pietrangelo.
3:37 of 1st period - Deflect By Sam Gagner.
3:37 of 1st period - Shot Blocked by Johnny Boychuk.
3:37 of 1st period - Puck is out of play.
3:38 of 1st period - Jordan Eberle wins face-off versus Bryan Little in Avalanche zone.
4:15 of 1st period - Slapshot by Travis Zajac.
4:15 of 1st period - Shot Misses the Net.
4:35 of 1st period - Chuck Kobasew is hit by Filip Forsberg and loses puck.
4:46 of 1st period - Johnny Boychuk is hit by Jamie Benn and loses puck.
5:23 of 1st period - Marc Staal is hit by Alex Pietrangelo and loses puck.
5:36 of 1st period - Wrist shot by Kyle Turris.
5:36 of 1st period - Deflect By Chuck Kobasew.
5:36 of 1st period - Shot Misses the Net.
5:36 of 1st period - Puck is out of play.
5:37 of 1st period - Maxim Lapierre wins face-off versus Kyle Turris in Blues zone.
5:51 of 1st period - Yann Sauvé is hit by Chuck Kobasew and loses puck.
6:30 of 1st period - Off-side.
6:31 of 1st period - Travis Zajac wins face-off versus Paul Stastny in neutral zone.
7:13 of 1st period - Snap shot by Andrei Kostitsyn.
7:13 of 1st period - Stopped by Carey Price without a rebound.
7:14 of 1st period - Bryan Little wins face-off versus Nicklas Backstrom in Blues zone.
7:17 of 1st period - Slapshot by Mikkel Boedker.
7:17 of 1st period - Shot Misses the Net.
7:19 of 1st period - Slapshot by Dan Boyle.
7:19 of 1st period - Stopped by Carey Price with a rebound.
7:27 of 1st period - Snap shot by Mikkel Boedker.
7:27 of 1st period - Goal by Mikkel Boedker - Blues : 0 - Avalanche : 1.
7:28 of 1st period - Nicklas Backstrom wins face-off versus Maxim Talbot in neutral zone.
8:20 of 1st period - Snap shot by Sergei Shirokov.
8:20 of 1st period - Shot Blocked by Andrei Kostitsyn.
8:28 of 1st period - Wrist shot by David Perron.
8:28 of 1st period - Stopped by Semyon Varlamov without a rebound.
8:29 of 1st period - Nicklas Backstrom wins face-off versus Bryan Little in Avalanche zone.
8:30 of 1st period - Snap shot by Jordan Eberle.
8:30 of 1st period - Shot Misses the Net.
8:32 of 1st period - Snap shot by Jordan Eberle.
8:32 of 1st period - Stopped by Semyon Varlamov without a rebound.
8:33 of 1st period - Nicklas Backstrom wins face-off versus Bryan Little in Avalanche zone.
8:37 of 1st period - Minor Penalty to Yann Sauvé for Hooking.
8:38 of 1st period - Mikkel Boedker wins face-off versus Travis Zajac in Blues zone.
8:43 of 1st period - Snap shot by Bryan Little.
8:43 of 1st period - Stopped by Carey Price without a rebound.
8:44 of 1st period - Travis Zajac wins face-off versus Bryan Little in Blues zone.
9:21 of 1st period - Wrist shot by Andrei Kostitsyn.
9:21 of 1st period - Shot Misses the Net.
10:37 of 1st period - Penalty to Yann Sauvé is over, Yann Sauvé is back on ice.
10:45 of 1st period - Snap shot by Jordan Eberle.
10:45 of 1st period - Goal by Jordan Eberle - Blues : 1 - Avalanche : 1.
10:46 of 1st period - Maxim Talbot wins face-off versus Nicklas Backstrom in neutral zone.
10:46 of 1st period - Maxim Talbot is hit by Jamie Benn.
10:49 of 1st period - Off-side.
10:50 of 1st period - Maxim Talbot wins face-off versus Nicklas Backstrom in neutral zone.
11:01 of 1st period - Snap shot by Damien Brunner.
11:01 of 1st period - Stopped by Carey Price without a rebound.
11:02 of 1st period - Nicklas Backstrom wins face-off versus Bryan Little in Blues zone.
11:11 of 1st period - Slapshot by Jake Gardiner.
11:11 of 1st period - Stopped by Semyon Varlamov with a rebound.
11:35 of 1st period - Minor Penalty to David Perron for High sticking.
11:36 of 1st period - Travis Zajac wins face-off versus Bryan Little in Blues zone.
12:08 of 1st period - Minor Penalty to Paul Stastny for Hooking.
12:09 of 1st period - Bryan Little wins face-off versus Nicklas Backstrom in Avalanche zone.
12:16 of 1st period - Wrist shot by Bryan Little.
12:16 of 1st period - Shot Misses the Net.
12:18 of 1st period - Snap shot by Marc Staal.
12:18 of 1st period - Shot Blocked by Alex Pietrangelo.
12:20 of 1st period - Slapshot by Bryan Little.
12:20 of 1st period - Stopped by Carey Price without a rebound.
12:21 of 1st period - Bryan Little wins face-off versus Nicklas Backstrom in Blues zone.
12:34 of 1st period - Slapshot by Bryan Little.
12:34 of 1st period - Shot Misses the Net.
12:36 of 1st period - Wrist shot by Bryan Little.
12:36 of 1st period - Deflect By Mikkel Boedker.
12:36 of 1st period - Shot Misses the Net.
12:36 of 1st period - Puck is out of play.
12:37 of 1st period - Bryan Little wins face-off versus Nicklas Backstrom in Blues zone.
12:42 of 1st period - Wrist shot by Mikkel Boedker.
12:42 of 1st period - Goal by Mikkel Boedker - Blues : 1 - Avalanche : 2.
12:43 of 1st period - Nicklas Backstrom wins face-off versus Bryan Little in neutral zone.
12:48 of 1st period - Snap shot by Sam Gagner.
12:48 of 1st period - Shot Misses the Net.
12:50 of 1st period - Slapshot by Nicklas Backstrom.
12:50 of 1st period - Stopped by Semyon Varlamov without a rebound.
12:51 of 1st period - Nicklas Backstrom wins face-off versus Bryan Little in Avalanche zone.
13:30 of 1st period - Slapshot by Nicklas Backstrom.
13:30 of 1st period - Shot Misses the Net.
13:32 of 1st period - Slapshot by Alex Pietrangelo.
13:32 of 1st period - Stopped by Semyon Varlamov with a rebound.
13:34 of 1st period - Slapshot by Alex Pietrangelo.
13:34 of 1st period - Deflect By Sam Gagner.
13:34 of 1st period - Stopped by Semyon Varlamov with a rebound.
13:35 of 1st period - Penalty to David Perron is over, David Perron is back on ice.
13:36 of 1st period - Slapshot by Bryce Lampman.
13:36 of 1st period - Stopped by Semyon Varlamov without a rebound.
13:37 of 1st period - Nicklas Backstrom wins face-off versus Andrew Ladd in Avalanche zone.
13:38 of 1st period - Slapshot by Alex Pietrangelo.
13:38 of 1st period - Stopped by Semyon Varlamov with a rebound.
13:40 of 1st period - Slapshot by Jake Gardiner.
13:40 of 1st period - Deflect By Andrew Ladd.
13:40 of 1st period - Stopped by Semyon Varlamov without a rebound.
13:41 of 1st period - Andrew Ladd wins face-off versus Nicklas Backstrom in Avalanche zone.
14:08 of 1st period - Penalty to Paul Stastny is over, Paul Stastny is back on ice.
14:21 of 1st period - Wrist shot by Bryan Little.
14:21 of 1st period - Goal by Bryan Little - Blues : 1 - Avalanche : 3.
14:22 of 1st period - Bryan Little wins face-off versus Jordan Eberle in neutral zone.
14:45 of 1st period - Minor Penalty to Patric Hornqvist for Roughing.
14:46 of 1st period - Nicklas Backstrom wins face-off versus Andrew Ladd in Avalanche zone.
16:03 of 1st period - Jack Johnson is hit by Nick Leddy and loses puck.
16:42 of 1st period - Pernell Karl Subban is hit by Travis Zajac and loses puck.
16:45 of 1st period - Penalty to Patric Hornqvist is over, Patric Hornqvist is back on ice.
16:57 of 1st period - Snap shot by Patric Hornqvist.
16:57 of 1st period - Stopped by Carey Price without a rebound.
16:58 of 1st period - Maxim Lapierre wins face-off versus Bryan Little in Blues zone.
16:58 of 1st period - Maxim Lapierre is hit by Patric Hornqvist.
17:16 of 1st period - Maxim Lapierre is hit by Mikkel Boedker and loses puck.
17:24 of 1st period - Icing by Maxim Lapierre.
17:25 of 1st period - Maxim Lapierre wins face-off versus Paul Stastny in Blues zone.
17:32 of 1st period - Snap shot by Jordan Eberle.
17:32 of 1st period - Shot Misses the Net.
17:42 of 1st period - Wrist shot by Jordan Eberle.
17:42 of 1st period - Stopped by Semyon Varlamov with a rebound.
17:51 of 1st period - Off-side.
17:52 of 1st period - Travis Zajac wins face-off versus Patric Hornqvist in neutral zone.
17:52 of 1st period - Travis Zajac is hit by Mikkel Boedker.
18:04 of 1st period - Off-side.
18:05 of 1st period - Nicklas Backstrom wins face-off versus Maxim Talbot in neutral zone.
18:31 of 1st period - Minor Penalty to Paul Stastny for Slashing.
18:32 of 1st period - Andrew Ladd wins face-off versus Nicklas Backstrom in Avalanche zone.
18:45 of 1st period - Wrist shot by David Perron.
18:45 of 1st period - Stopped by Semyon Varlamov with a rebound.
Goals for this period are 1 for Blues vs 3 for Avalanche.
Shots for this period are 13 for Blues vs 12 for Avalanche.
2nd period
0:01 of 2nd period - Andrew Ladd wins face-off versus Nicklas Backstrom in neutral zone.
0:16 of 2nd period - Slapshot by Alex Pietrangelo.
0:16 of 2nd period - Goal by Alex Pietrangelo - Blues : 2 - Avalanche : 3.
0:17 of 2nd period - Nicklas Backstrom wins face-off versus Bryan Little in neutral zone.
0:20 of 2nd period - Bryan Little is hit by Jamie Benn and loses puck.
0:48 of 2nd period - Snap shot by David Perron.
0:48 of 2nd period - Stopped by Semyon Varlamov with a rebound.
0:50 of 2nd period - Snap shot by Alex Pietrangelo.
0:50 of 2nd period - Stopped by Semyon Varlamov without a rebound.
0:51 of 2nd period - Travis Zajac wins face-off versus Damien Brunner in Avalanche zone.
0:58 of 2nd period - Snap shot by David Perron.
0:58 of 2nd period - Stopped by Semyon Varlamov without a rebound.
0:59 of 2nd period - Maxim Talbot wins face-off versus David Perron in Avalanche zone.
1:09 of 2nd period - Minor Penalty to Sergei Shirokov for Hooking.
1:10 of 2nd period - Bryan Little wins face-off versus Travis Zajac in Blues zone.
1:43 of 2nd period - Slapshot by Erik Karlsson.
1:43 of 2nd period - Stopped by Carey Price with a rebound.
1:45 of 2nd period - Slapshot by Jack Johnson.
1:45 of 2nd period - Shot Blocked by Alex Pietrangelo.
2:54 of 2nd period - Paul Stastny is hit by Jordan Eberle and loses puck.
3:09 of 2nd period - Penalty to Sergei Shirokov is over, Sergei Shirokov is back on ice.
3:34 of 2nd period - Minor Penalty to Dan Boyle for Hooking.
3:35 of 2nd period - Andrew Ladd wins face-off versus Nicklas Backstrom in Avalanche zone.
3:50 of 2nd period - Slapshot by Andrew Ladd.
3:50 of 2nd period - Stopped by Carey Price with a rebound.
4:35 of 2nd period - Slapshot by Jack Johnson.
4:35 of 2nd period - Deflect By Bryan Little.
4:35 of 2nd period - Stopped by Carey Price with a rebound.
5:34 of 2nd period - Penalty to Dan Boyle is over, Dan Boyle is back on ice.
5:44 of 2nd period - Nick Leddy is hit by Erik Karlsson and loses puck.
6:03 of 2nd period - Alex Pietrangelo is hit by Ville Leino and loses puck.
7:03 of 2nd period - Yann Sauvé is hit by Marc Staal and loses puck.
7:41 of 2nd period - Snap shot by Patrick Kaleta.
7:41 of 2nd period - Shot Blocked by Mikkel Boedker.
8:02 of 2nd period - Maxim Talbot is hit by Jordan Eberle and loses puck.
8:46 of 2nd period - Johnny Boychuk is hit by Maxim Lapierre and loses puck.
8:53 of 2nd period - Bryce Lampman is hit by Patric Hornqvist and loses puck.
9:17 of 2nd period - Andrew Ladd is hit by Alex Pietrangelo and loses puck.
9:24 of 2nd period - Snap shot by Damien Brunner.
9:24 of 2nd period - Shot Misses the Net.
9:26 of 2nd period - Wrist shot by Damien Brunner.
9:26 of 2nd period - Shot Misses the Net.
9:36 of 2nd period - Johnny Boychuk is hit by Filip Forsberg.
9:40 of 2nd period - Jake Gardiner is hit by Dan Boyle.
10:12 of 2nd period - Wrist shot by Mikkel Boedker.
10:12 of 2nd period - Stopped by Carey Price without a rebound.
10:13 of 2nd period - Nicklas Backstrom wins face-off versus Maxim Talbot in Blues zone.
10:20 of 2nd period - Wrist shot by Maxim Talbot.
10:20 of 2nd period - Deflect By Damien Brunner.
10:20 of 2nd period - Shot Misses the Net.
10:20 of 2nd period - Puck is out of play.
10:21 of 2nd period - Nicklas Backstrom wins face-off versus Maxim Talbot in Blues zone.
10:21 of 2nd period - Nicklas Backstrom is hit by Damien Brunner.
11:47 of 2nd period - Off-side.
11:48 of 2nd period - Travis Zajac wins face-off versus Bryan Little in neutral zone.
12:11 of 2nd period - Minor Penalty to Alex Pietrangelo for Holding.
12:12 of 2nd period - Bryan Little wins face-off versus Travis Zajac in Blues zone.
12:21 of 2nd period - Snap shot by Mikkel Boedker.
12:21 of 2nd period - Shot Misses the Net.
12:23 of 2nd period - Snap shot by Jack Johnson.
12:23 of 2nd period - Goal by Jack Johnson - Blues : 2 - Avalanche : 4.
12:23 of 2nd period - Ray Emery enters game.
12:24 of 2nd period - Nicklas Backstrom wins face-off versus Mikkel Boedker in neutral zone.
12:49 of 2nd period - Mikkel Boedker is hit by Jamie Benn and loses puck.
13:02 of 2nd period - Backhand shot by Bryan Little.
13:02 of 2nd period - Shot Misses the Net.
13:12 of 2nd period - Snap shot by Bryan Little.
13:12 of 2nd period - Deflect By Patric Hornqvist.
13:12 of 2nd period - Shot Blocked by Jake Gardiner.
13:12 of 2nd period - Puck is out of play.
13:13 of 2nd period - Travis Zajac wins face-off versus Paul Stastny in Blues zone.
13:13 of 2nd period - Bryce Lampman is hit by Dan Boyle and loses puck.
13:52 of 2nd period - Wrist shot by Damien Brunner.
13:52 of 2nd period - Goal by Damien Brunner - Blues : 2 - Avalanche : 5.
13:53 of 2nd period - Paul Stastny wins face-off versus Nicklas Backstrom in neutral zone.
14:02 of 2nd period - Snap shot by Nicklas Backstrom.
14:02 of 2nd period - Stopped by Semyon Varlamov with a rebound.
14:10 of 2nd period - Slapshot by Andrei Kostitsyn.
14:10 of 2nd period - Shot Misses the Net.
14:27 of 2nd period - Snap shot by Mikkel Boedker.
14:27 of 2nd period - Shot Blocked by Yann Sauvé.
14:29 of 2nd period - Snap shot by Mikkel Boedker.
14:29 of 2nd period - Shot Blocked by Travis Zajac.
14:31 of 2nd period - Wrist shot by Patric Hornqvist.
14:31 of 2nd period - Stopped by Ray Emery with a rebound.
15:10 of 2nd period - Jack Johnson is hit by Cody Ceci and loses puck.
15:31 of 2nd period - Jake Gardiner is hit by Erik Karlsson and loses puck.
15:47 of 2nd period - Off-side.
15:48 of 2nd period - Travis Zajac wins face-off versus Bryan Little in neutral zone.
15:48 of 2nd period - Travis Zajac is hit by Bryan Little.
16:17 of 2nd period - Minor Penalty to Dan Boyle for Slashing.
16:18 of 2nd period - Andrew Ladd wins face-off versus Nicklas Backstrom in Avalanche zone.
16:18 of 2nd period - Andrew Ladd is hit by David Perron.
16:50 of 2nd period - Wrist shot by Alex Pietrangelo.
16:50 of 2nd period - Shot Misses the Net.
16:52 of 2nd period - Slapshot by Alex Pietrangelo.
16:52 of 2nd period - Deflect By Sergei Shirokov.
16:52 of 2nd period - Stopped by Semyon Varlamov with a rebound.
18:17 of 2nd period - Penalty to Dan Boyle is over, Dan Boyle is back on ice.
18:25 of 2nd period - Maxim Lapierre is hit by Paul Stastny and loses puck.
18:32 of 2nd period - Backhand shot by Maxim Lapierre.
18:32 of 2nd period - Stopped by Semyon Varlamov with a rebound.
18:38 of 2nd period - Minor Penalty to Paul Stastny for Interference.
18:39 of 2nd period - Sam Gagner wins face-off versus Andrew Ladd in Avalanche zone.
Goals for this period are 1 for Blues vs 2 for Avalanche.
Shots for this period are 7 for Blues vs 7 for Avalanche.
3rd period
0:01 of 3rd period - Nicklas Backstrom wins face-off versus Andrew Ladd in neutral zone.
0:14 of 3rd period - Snap shot by Jordan Eberle.
0:14 of 3rd period - Stopped by Semyon Varlamov without a rebound.
0:15 of 3rd period - Andrew Ladd wins face-off versus Nicklas Backstrom in Avalanche zone.
0:38 of 3rd period - Penalty to Paul Stastny is over, Paul Stastny is back on ice.
1:33 of 3rd period - Off-side.
1:34 of 3rd period - Bryan Little wins face-off versus Nicklas Backstrom in neutral zone.
2:00 of 3rd period - Paul Stastny is hit by Patrick Kaleta and loses puck.
3:07 of 3rd period - Marc Staal is hit by Jordan Eberle and loses puck.
3:26 of 3rd period - Sam Gagner is hit by Pernell Karl Subban and loses puck.
4:34 of 3rd period - Wrist shot by Mikkel Boedker.
4:34 of 3rd period - Goal by Mikkel Boedker - Blues : 2 - Avalanche : 6.
4:35 of 3rd period - Jamie Benn wins face-off versus Bryan Little in neutral zone.
4:37 of 3rd period - Minor Penalty to Jamie Benn for High sticking.
4:38 of 3rd period - Jordan Eberle wins face-off versus Bryan Little in Blues zone.
5:10 of 3rd period - Slapshot by Marc Staal.
5:10 of 3rd period - Stopped by Ray Emery with a rebound.
5:12 of 3rd period - Slapshot by Dan Boyle.
5:12 of 3rd period - Shot Blocked by Alex Pietrangelo.
5:14 of 3rd period - Slapshot by Marc Staal.
5:14 of 3rd period - Shot Blocked by Alex Pietrangelo.
6:37 of 3rd period - Penalty to Jamie Benn is over, Jamie Benn is back on ice.
6:42 of 3rd period - Yann Sauvé is hit by Andrew Ladd and loses puck.
8:15 of 3rd period - Minor Penalty to Mikkel Boedker for Hooking.
8:16 of 3rd period - Nicklas Backstrom wins face-off versus Andrew Ladd in Avalanche zone.
8:24 of 3rd period - Wrist shot by Nicklas Backstrom.
8:24 of 3rd period - Goal by Nicklas Backstrom - Blues : 3 - Avalanche : 6.
8:25 of 3rd period - Nicklas Backstrom wins face-off versus Bryan Little in neutral zone.
10:25 of 3rd period - Slapshot by Paul Stastny.
10:25 of 3rd period - Deflect By Andrei Kostitsyn.
10:25 of 3rd period - Deflect By Sergei Shirokov.
10:25 of 3rd period - Shot Blocked by Bryce Lampman.
10:25 of 3rd period - Puck is out of play.
10:26 of 3rd period - Nicklas Backstrom wins face-off versus Bryan Little in Blues zone.
10:28 of 3rd period - Minor Penalty to Jordan Eberle for Slashing.
10:29 of 3rd period - Travis Zajac wins face-off versus Bryan Little in Blues zone.
10:38 of 3rd period - Off-side.
10:39 of 3rd period - Mikkel Boedker wins face-off versus Travis Zajac in neutral zone.
10:46 of 3rd period - Wrist shot by Bryan Little.
10:46 of 3rd period - Goal by Bryan Little - Blues : 3 - Avalanche : 7.
10:47 of 3rd period - Mikkel Boedker wins face-off versus Jamie Benn in neutral zone.
11:04 of 3rd period - Slapshot by Nicklas Backstrom.
11:04 of 3rd period - Shot Misses the Net.
11:55 of 3rd period - David Perron is hit by Jack Johnson and loses puck.
13:05 of 3rd period - Wrist shot by Kyle Turris.
13:05 of 3rd period - Stopped by Ray Emery without a rebound.
13:06 of 3rd period - Bryan Little wins face-off versus Nicklas Backstrom in Blues zone.
13:17 of 3rd period - Jamie Benn is hit by Patric Hornqvist.
13:25 of 3rd period - Alex Pietrangelo is hit by Mikkel Boedker and loses puck.
13:48 of 3rd period - Jake Gardiner is hit by Andrei Kostitsyn and loses puck.
14:17 of 3rd period - Minor Penalty to Maxim Talbot for Hooking.
14:18 of 3rd period - Nicklas Backstrom wins face-off versus Andrew Ladd in Avalanche zone.
14:19 of 3rd period - Snap shot by Jordan Eberle.
14:19 of 3rd period - Shot Misses the Net.
14:29 of 3rd period - Icing by Nick Leddy.
14:30 of 3rd period - Andrew Ladd wins face-off versus Brandon Yip in Blues zone.
14:54 of 3rd period - Snap shot by Nicklas Backstrom.
14:54 of 3rd period - Shot Blocked by Damien Brunner.
15:00 of 3rd period - Slapshot by Jordan Eberle.
15:00 of 3rd period - Goal by Jordan Eberle - Blues : 4 - Avalanche : 7.
15:01 of 3rd period - Nicklas Backstrom wins face-off versus Bryan Little in neutral zone.
15:09 of 3rd period - Off-side.
15:10 of 3rd period - Bryan Little wins face-off versus Jamie Benn in neutral zone.
15:27 of 3rd period - Slapshot by Mikkel Boedker.
15:27 of 3rd period - Shot Misses the Net.
15:29 of 3rd period - Minor Penalty to Jordan Eberle for Roughing.
15:30 of 3rd period - Bryan Little wins face-off versus Travis Zajac in Blues zone.
16:09 of 3rd period - Snap shot by Paul Stastny.
16:09 of 3rd period - Goal by Paul Stastny - Blues : 4 - Avalanche : 8.
16:10 of 3rd period - Paul Stastny wins face-off versus Nicklas Backstrom in neutral zone.
16:25 of 3rd period - Wrist shot by Andrei Kostitsyn.
16:25 of 3rd period - Shot Misses the Net.
17:02 of 3rd period - Sam Gagner is hit by Erik Karlsson and loses puck.
17:27 of 3rd period - Slapshot by Yann Sauvé.
17:27 of 3rd period - Deflect By Nicklas Backstrom.
17:27 of 3rd period - Shot Misses the Net.
17:27 of 3rd period - Puck is out of play.
17:28 of 3rd period - Nicklas Backstrom wins face-off versus Kyle Turris in Avalanche zone.
18:18 of 3rd period - Minor Penalty to Jake Gardiner for Cross-checking.
18:19 of 3rd period - Bryan Little wins face-off versus Travis Zajac in Blues zone.
18:22 of 3rd period - Snap shot by Mikkel Boedker.
18:22 of 3rd period - Stopped by Ray Emery with a rebound.
18:24 of 3rd period - Slapshot by Jack Johnson.
18:24 of 3rd period - Stopped by Ray Emery without a rebound.
18:25 of 3rd period - Bryan Little wins face-off versus Travis Zajac in Blues zone.
18:32 of 3rd period - Slapshot by Bryan Little.
18:32 of 3rd period - Stopped by Ray Emery with a rebound.
18:34 of 3rd period - Backhand shot by Jack Johnson.
18:34 of 3rd period - Stopped by Ray Emery with a rebound.
18:36 of 3rd period - Slapshot by Jack Johnson.
18:36 of 3rd period - Shot Blocked by Alex Pietrangelo.
18:38 of 3rd period - Snap shot by Jack Johnson.
18:38 of 3rd period - Stopped by Ray Emery with a rebound.
18:40 of 3rd period - Wrist shot by Patric Hornqvist.
18:40 of 3rd period - Shot Misses the Net.
18:42 of 3rd period - Wrist shot by Bryan Little.
18:42 of 3rd period - Shot Misses the Net.
19:46 of 3rd period - Mikkel Boedker is hit by Bryce Lampman and loses puck.
Goals for this period are 2 for Blues vs 3 for Avalanche.
Shots for this period are 3 for Blues vs 10 for Avalanche.
Back to the Top